 Dungeon Crawl Stone Soup version 0.27.1-34-g3ba077fa99 (webtiles) character file.

Game seed: 574778819332255794

351 DrunkBamboolord the Cudgeller (level 6, -2/57 HPs)
             Began as a Naga Monk on Jan 14, 2022.
             Succumbed to a scorpion's poison
             ... on level 4 of the Dungeon.
             The game lasted 00:08:59 (4540 turns).

DrunkBamboolord the Cudgeller (Naga Monk)           Turns: 4540, Time: 00:09:00

Health: -2/57      AC:  7    Str: 15    XL:     6   Next: 61%
Magic:  6/6        EV:  5    Int: 11    God:
Gold:   249        SH:  0    Dex: 13    Spells: 5/5 levels left

rFire    + . .     SeeInvis +   m - +10 long sword of Skirmishing {holy, Fly rC+}
rCold    + . .     Faith    .   (no shield)
rNeg     . . .     Spirit   .   c - +1 chain mail {rF+}
rPois    +         Reflect  .   (no helmet)
rElec    .         Harm     .   (no cloak)
rCorr    .         Rampage  .   (no gloves)
Will     .....                  (no barding)
Stlth    ..........             (no amulet)
HPRegen  0.19/turn              n - +4 ring of slaying
MPRegen  0.10/turn              (no ring)

@: lethally poisoned (-2 -> -27), flying, very slow
A: AC +2, large, see invisible, deformed body, poison resistance, slowness 2,
spit poison 1, naga tail 1
a: Spit Poison


You were on level 4 of the Dungeon.
You visited 1 branch of the dungeon, and saw 5 of its levels.

You collected 249 gold pieces.

Inventory:

Hand Weapons
 a - a +3 mace
 m - the +10 long sword of Skirmishing (weapon) {holy, Fly rC+}
   (You found it on level 4 of the Dungeon)

   It has been blessed by the Shining One to cause great damage to the undead
   and demons.
   rC:        It protects you from cold.
   Fly:       It grants you flight.
Missiles
 d - 5 curare-tipped darts
 g - a throwing net
Armour
 c - a +1 chain mail of fire resistance (worn)
Jewellery
 n - a +4 ring of slaying (left hand)
 o - a ring of ice
Wands
 j - a wand of flame (13)
 p - a wand of paralysis (5)
Scrolls
 e - a scroll of magic mapping
 l - a scroll of vulnerability {unknown}
Potions
 b - a potion of attraction {unknown}
 f - a potion of invisibility {unknown}
 h - a potion of lignification {unknown}
 i - 2 potions of curing
 k - 2 potions of flight {unknown}


   Skills:
 * Level 4.2 Fighting
 * Level 1.6 Long Blades
 - Level 4.6 Maces & Flails
 * Level 2.1 Armour
 + Level 3.3 Dodging
 - Level 3.0 Stealth


You had 5 spell levels left.
You didn't know any spells.
Your spell library contained the following spells:

 Spells                   Type           Power      Damage    Failure   Level
 Beastly Appendage        Tmut           0%         N/A       100%        1
 Sting                    Tmut/Pois      0%         1d3       100%        1
 Poisonous Vapours        Pois/Air       0%         N/A       100%        2
 Wereblood                Tmut           0%         N/A       100%        2
 Conjure Flame            Conj/Fire      0%         6-21      100%        3
 Ignite Poison            Fire/Tmut/Pois 0%         N/A       100%        3
 Ozocubu's Armour         Ice            0%         N/A       100%        3
 Spider Form              Tmut/Pois      0%         N/A       100%        3
 Olgreb's Toxic Radiance  Pois           0%         N/A       100%        4
 Sticky Flame             Conj/Fire      0%         2d3       100%        4
 Ozocubu's Refrigeration  Ice            0%         4d5       100%        7


Dungeon Overview and Level Annotations

Branches:
Dungeon (5/15)
 Temple: D:4-7

Altars:
Ashenzari
Ru

Shops:
D:3 *

Annotations:
D:5 Edmund


Innate Abilities, Weirdness & Mutations

Your serpentine skin is tough. (AC +2)
You have supernaturally acute eyesight. (SInv)
Armour fits poorly on your strangely shaped body.
Your system is resistant to poisons. (rPois)
You cover ground very slowly.
You can spit poison.
You have a snake-like lower body.


Message History

You fly upwards.
There is a stone staircase leading down here.
You see here 2 boomerangs.
HP restored.
There is a stone staircase leading down here.
You fly downwards.
Level annotation: Edmund
Found a potion of resistance.
There is a stone staircase leading up here.
Found 12 gold pieces.
A centaur comes into view.
The centaur shouts!
The centaur wields a +0 shortbow.
The centaur shoots an arrow.
The arrow barely misses you.
A jelly comes into view.
A scorpion comes into view.
An ogre comes into view. It is wielding a +0 giant club.
You hear an angry hiss.
The jelly quivers.
The centaur shoots an arrow.
The arrow hits you.
The centaur shoots an arrow.
The arrow hits you!
An iguana comes into view.
Found a scroll of noise.
The centaur shoots an arrow.
The arrow hits you.
The centaur shoots an arrow.
The arrow hits you.
The centaur shoots an arrow.
The arrow hits you!
The centaur shoots an arrow.
The arrow hits you but does no damage.
The centaur shoots an arrow.
The arrow hits you. The scorpion stings you.
The centaur shoots an arrow.
The arrow barely misses you.
The centaur shoots an arrow.
The arrow hits you.
A necrophage comes into view.
The centaur shoots an arrow.
The arrow hits you.
There is a stone staircase leading up here.
The scorpion stings you!
* * * LOW HITPOINT WARNING * * *
You are lethally poisoned!
The scorpion poisons you! The scorpion stings you.
* * * LOW HITPOINT WARNING * * *
You are more poisoned.
The scorpion poisons you!
You fly upwards.
You die...

###...# #.....#.#
##.## #####.#......
#.# #.........#.#
#.# #.###....)...
#.# #............
#.# #####>##.####
#.# #.##.# # ###s#
#.##.# # #.J@#
#.##.#### #.###
#####.##..... #.#
#.(.......... #.#
#.###.####### #.#
#.# #.# #.# #.# #.#
#.######.###.#
#............#######
########............


You could see a scorpion and a jelly.

Vanquished Creatures
  2 hounds (D:4)
  A jelly (D:4)
  An orc priest (D:4)
  Natasha (thrice) (D:2)
  An orc wizard (D:4)
  Terence (D:2)
  A hound skeleton (D:4)
  2 adders
  An ufetubus (D:4)
  An adder skeleton (D:4)
  A worm (D:4)
  3 dart slugs
  An orc (D:4)
  3 ball pythons
  3 endoplasms
  4 giant cockroaches
  10 goblins
  10 hobgoblins
  3 jackals (D:4)
  4 kobolds
  2 quokkas
  4 frilled lizards
62 creatures vanquished.

Vanquished Creatures (others)
  4 toadstools (D:1)
4 creatures vanquished.

Grand Total: 66 creatures vanquished

Notes
Turn   | Place    | Note
-------+----------+-------------------------------------------
     0 | D:1      | DrunkBamboolord the Naga Monk began the quest for the Orb.
     0 | D:1      | Reached XP level 1. HP: 21/21 MP: 1/1
   133 | D:1      | Found a faded altar of an unknown god.
   154 | D:1      | Reached XP level 2. HP: 24/28 MP: 2/2
   861 | D:2      | Noticed Natasha
   869 | D:2      | Killed Natasha
   870 | D:2      | Reached XP level 3. HP: 12/34 MP: 3/3
  1312 | D:2      | Noticed Terence
  1325 | D:2      | Killed Terence
  1326 | D:2      | Reached XP level 4. HP: 23/42 MP: 4/4
  1682 | D:2      | Noticed Natasha
  1695 | D:2      | Killed Natasha
  1715 | D:2      | Noticed Natasha
  1725 | D:2      | Killed Natasha
  1726 | D:2      | Reached XP level 5. HP: 6/50 MP: 5/5
  2251 | D:3      | Found Piffom's Assorted Antiques.
  2306 | D:3      | Found a sacrificial altar of Ru.
  2824 | D:3      | Reached skill level 1 in Armour
  3585 | D:4      | Found a broken altar of Ashenzari.
  3666 | D:4      | Identified the +10 long sword of Skirmishing {holy, Fly
                  | rC+}
  3841 | D:4      | Reached XP level 6. HP: 54/57 MP: 6/6
  4107 | D:4      | Reached skill level 1 in Long Blades
  4497 | D:5      | Entered Level 5 of the Dungeon
  4497 | D:5      | Noticed Edmund
  4538 | D:5      | Noticed a necrophage
  4540 | D:4      | Succumbed to a scorpion's poison

Illustrated notes

Levels and vault maps discovered:
D:1:      ldierk_water_garden, layout_loops_cross,
          chequers_ecumenical_altar_simple_redux
D:2:      layout_loops_ring, uniq_natasha, uniq_terence
D:3:      layout_loops_cross, nicolae_ru_awakened_eye, serial_shops,
          nicolae_shop_waterfront, minmay_goblin_outpost
D:4:      layout_loops_ring, nicolae_ashenzari_skybound,
          chequers_serial_rivers_micro_b, corexii_corridor_pit
D:5:      layout_basic, uniq_edmund

Skill      XL: |  1  2  3  4  5  6 |
---------------+-------------------+-----
Dodging        | 3 |  3.3
Maces & Flails | 4 |  4.6
Armour         | 1 2 |  2.1
Fighting       | 4 |  4.2
Long Blades    | 1 |  1.6
Stealth        | |  3.0

Action                   |  1- 3 |  4- 6 || total
-------------------------+-------+-------++-------
Melee: Mace              |    50 |    91 ||   141
       Long sword        |       |    22 ||    22
 Abil: Spit Poison       |     1 |     6 ||     7
Evoke: Wand              |       |     1 ||     1
  Use: Scroll            |     8 |     2 ||    10
       Potion            |     3 |       ||     3
 Stab: Sleeping          |     5 |     6 ||    11
Armor: Robe              |     4 |     5 ||     9
       Ring mail         |       |    19 ||    19
       Chain mail        |       |    14 ||    14
Dodge: Dodged            |    17 |    69 ||    86
       Rpst.: Long sword |       |     3 ||     3
